Map: Rhoskallian LE

Players

WellCraft

  • Race: Protoss Protoss
  • Spawn Location: 11:00

Eskiv

  • Race: Protoss Protoss
  • Spawn Location: 12:00

qqq - Winner!

  • Race: Zerg Zerg
  • Spawn Location: 6:00

Massa - Winner!

  • Race: Terran Terran
  • League: Platinum
  • Spawn Location: 5:00

VOD

Have the link to the VOD?

Description

Time

  • Played on: Oct. 23, 2020, 3:59 p.m.
  • Length: 11:46
Show
View Real Time Build Order
Export as new Build Order

WellCraft Protoss 

Build Orders:  

Get SALT Encoding   

  12  0:00  Probe  
  13  0:12  Probe  
  14  0:19  Pylon  
  14  0:25  Probe  
  15  0:37  Probe  
  15  0:41  Gateway  
  16  0:49  Probe  
  17  0:51  Assimilator  
  17  1:03  Assimilator  
  17  1:04  Probe  
  18  1:16  Probe  
  19  1:20  Pylon  
  19  1:28  Probe  
  20  1:35  Cybernetics Core  
  20  1:40  Probe (Chrono Boost)  
  21  1:49  Probe (Chrono Boost)  
  22  1:54  Gateway  
  22  1:55  Probe (Chrono Boost)  
  23  2:07  Probe  
  24  2:12  Warp Gate (Chrono Boost)  
  24  2:24  Pylon  
  24  2:25  Zealot  
  26  2:30  Twilight Council  
  26  2:34  Probe  
  27  2:46  Probe  
  29  2:58  Probe  
  29  2:59  Stalker  
  30  3:13  Nexus  
  30  3:21  Probe  
  31  3:29  Templar Archives  
  31  3:32  Pylon  
  31  3:47  Psionic Storm  
  31  3:49  Gateway  
  31  3:51  Gateway  
  31  3:58  Pylon  
  31  4:27  Forge  
  31  4:32  Probe  
  31  4:35  Assimilator  
  32  4:42  High Templar x2  
  36  4:48  High Templar  
  38  4:53  Probe  
  38  4:55  Assimilator  
  39  5:03  Photon Cannon  
  39  5:04  Protoss Ground Weapons Level 1 (Chrono Boost)  
  39  5:05  Photon Cannon  
  39  5:24  High Templar  
  41  5:31  Pylon  
  41  5:37  Shield Battery  
  41  5:39  Shield Battery  
  41  5:42  Probe (Chrono Boost)  
  42  5:52  Probe (Chrono Boost)  
  43  5:57  Probe (Chrono Boost)  
  43  5:59  Shield Battery  
  43  6:01  Photon Cannon  
  44  6:11  Probe  
  45  6:24  High Templar x2  
  45  6:25  High Templar x2  
  53  6:28  Charge (Chrono Boost)  
  53  6:37  Probe  
  54  6:49  Probe  
  55  6:55  Protoss Ground Armor Level 1 (Chrono Boost)  
  55  6:58  Pylon  
  55  7:11  Stalker x2  
  55  7:12  Stalker x2  
  62  7:18  Pylon  
  62  7:34  Gateway  
  62  7:36  Stalker x3  
  68  7:51  Stalker  
  68  7:56  Probe  
  71  8:08  Probe  
  71  8:09  Nexus  
  72  8:18  Archon x2  
  71  8:23  Photon Cannon  
  71  8:25  Photon Cannon  
  70  8:29  Photon Cannon  
  57  8:53  Probe (Chrono Boost)  
  54  9:02  Photon Cannon, Probe (Chrono Boost)  
  55  9:07  Probe (Chrono Boost)  
  56  9:16  Probe (Chrono Boost)  
  57  9:18  Zealot  
  57  9:21  Probe (Chrono Boost)  
  60  9:29  High Templar  
  60  9:30  High Templar x3  
  68  9:38  Probe  
  69  9:50  Probe  
  70  9:59  Zealot  
  72  10:02  Zealot  
  72  10:03  Zealot  
  40  11:04  High Templar  
  40  11:05  High Templar x3  
  40  11:09  Nexus  
  42  11:13  Pylon  
  28  11:26  Stalker  
  28  11:32  Gateway  
  28  11:34  Gateway  
Show
View Real Time Build Order
Export as new Build Order

Eskiv Protoss 

Build Orders:  

Get SALT Encoding   

  12  0:00  Probe  
  13  0:12  Probe  
  14  0:20  Pylon  
  14  0:25  Assimilator  
  14  0:29  Probe  
  15  0:42  Probe  
  16  0:48  Gateway  
  16  0:54  Probe  
  17  1:06  Probe  
  18  1:12  Pylon  
  18  1:18  Probe  
  19  1:27  Gateway  
  19  1:30  Probe  
  20  1:36  Assimilator  
  20  1:42  Probe  
  20  1:46  Cybernetics Core  
  21  1:54  Probe  
  21  1:56  Zealot  
  24  2:06  Probe  
  25  2:18  Probe  
  25  2:22  Zealot  
  28  2:26  Twilight Council  
  27  2:50  Stalker x2  
  30  3:03  Charge  
  30  3:46  Nexus  
  30  3:58  Probe  
  31  4:04  Warp Gate  
  31  4:16  Pylon  
  31  4:18  Pylon  
  31  4:34  Probe  
  31  4:37  Forge  
  32  4:42  Pylon  
  32  4:46  Probe  
  32  4:47  Pylon  
  32  4:49  Pylon  
  33  4:57  Stalker x2  
  33  4:58  Probe (Chrono Boost)  
  38  5:04  Probe (Chrono Boost)  
  39  5:10  Probe (Chrono Boost)  
  41  5:14  Probe (Chrono Boost)  
  41  5:16  Photon Cannon, Probe (Chrono Boost)  
  41  5:18  Probe (Chrono Boost)  
  43  5:24  Photon Cannon  
  43  5:35  Zealot x2  
  47  5:42  Protoss Ground Weapons Level 1  
  47  5:51  Pylon  
  47  5:56  Assimilator  
  47  5:58  Assimilator, Probe x2  
  49  6:10  Probe, Robotics Facility  
  49  6:11  Probe  
  51  6:18  Robotics Facility  
  51  6:23  Probe  
  52  6:26  Shield Battery  
  52  6:31  Shield Battery  
  52  6:37  Photon Cannon  
  52  6:41  Pylon  
  52  6:43  Pylon  
  52  6:55  Probe x2 (Chrono Boost)  
  54  7:02  Observer  
  54  7:05  Probe (Chrono Boost)  
  54  7:06  Probe (Chrono Boost)  
  54  7:08  Photon Cannon  
  57  7:10  Probe (Chrono Boost)  
  57  7:11  Shield Battery  
  58  7:23  Observer  
  58  7:25  Robotics Bay  
  53  7:50  Protoss Shields Level 1  
  53  7:55  Robotics Bay  
  53  8:12  Observer x2  
  55  8:14  Stalker x2  
  59  8:40  Stalker x2  
  63  8:56  Photon Cannon x2  
  63  9:02  Extended Thermal Lance, Colossus x2 (Chrono Boost)  
  63  9:03  Pylon  
  75  9:17  Pylon  
  75  9:20  Gateway  
  75  9:24  Stalker x2  
  79  9:49  Stalker  
  79  9:50  Stalker  
  83  10:12  Pylon  
  83  10:14  Photon Cannon  
  82  10:15  Photon Cannon  
  82  10:17  Colossus  
  82  10:19  Colossus  
  74  11:04  Stalker  
  74  11:05  Stalker x2  
  80  11:16  Stargate  
  80  11:17  Stargate  
  44  11:37  Stalker x3  
Show
View Real Time Build Order
Export as new Build Order

qqq Zerg - Winner!

Build Orders: Hatch First, Brood Lord Corruptor 

Get SALT Encoding   

  12  0:02  Drone  
  13  0:09  Drone  
  14  0:40  Hatchery  
  13  0:43  Drone  
  14  0:57  Spawning Pool  
  13  1:07  Overlord  
  13  1:11  Drone  
  14  1:14  Extractor  
  13  1:23  Drone  
  14  1:27  Drone  
  14  1:29  Drone  
  16  1:57  Drone  
  16  1:58  Queen  
  16  1:59  Queen  
  21  2:03  Drone  
  22  2:10  Drone  
  22  2:11  Drone  
  23  2:18  Drone  
  24  2:29  Roach Warren  
  23  2:33  Zergling x2  
  24  2:46  Drone  
  24  2:48  Drone x2, Zergling x2  
  28  2:51  Metabolic Boost  
  28  3:08  Overlord  
  28  3:09  Overlord  
  28  3:20  Lair  
  28  3:28  Drone x3  
  28  3:31  Roach x2  
  35  3:35  Roach  
  35  3:38  Drone  
  39  3:41  Drone  
  39  3:46  Drone x2  
  41  3:49  Roach  
  43  4:04  Overlord  
  43  4:06  Drone  
  43  4:07  Overlord x2  
  43  4:20  Drone, Extractor  
  43  4:23  Roach x4  
  51  4:26  Overlord  
  51  4:27  Drone  
  51  4:29  Drone  
  54  4:31  Drone  
  54  4:37  Drone  
  55  4:41  Extractor  
  54  4:48  Drone x3  
  54  4:50  Extractor  
  56  4:59  Drone x2  
  59  5:00  Infestation Pit, Drone  
  59  5:02  Drone x2  
  60  5:13  Drone x2  
  60  5:14  Drone  
  62  5:27  Drone  
  63  5:40  Hatchery  
  62  5:43  Spire  
  62  5:44  Hive  
  62  5:46  Drone  
  62  5:49  Drone  
  63  5:50  Drone  
  63  5:52  Drone  
  63  5:53  Hatchery  
  64  6:01  Overlord x2  
  64  6:17  Roach x5  
  74  6:31  Roach x6  
  74  6:32  Roach  
  88  6:37  Overlord  
  88  6:45  Overlord  
  88  6:47  Overlord  
  88  6:48  Overlord x2  
  88  6:52  Drone  
  89  7:11  Drone x2  
  91  7:22  Mutalisk x2, Greater Spire  
  91  7:23  Mutalisk x4  
  91  7:28  Mutalisk  
  105  7:30  Drone x2  
  105  7:31  Overlord, Drone x2  
  105  7:33  Overlord  
  109  7:40  Corruptor  
  109  7:43  Queen  
  113  7:52  Corruptor  
  113  7:57  Drone x5  
  120  8:04  Corruptor  
  120  8:05  Corruptor  
  124  8:08  Drone x2  
  124  8:11  Extractor x2  
  124  8:59  Corruptor  
  124  9:00  Corruptor x2  
  124  9:02  Brood Lord x2  
  134  9:13  Drone x4  
  134  9:14  Drone x2  
  134  9:16  Extractor  
  139  9:17  Extractor  
  142  9:24  Brood Lord x2  
  142  9:27  Hatchery  
  141  9:31  Zerg Flyer Weapons Level 1  
  141  9:34  Overlord x2  
  141  9:35  Overlord x2  
  141  9:36  Corruptor  
  143  9:39  Drone x4  
  143  9:45  Drone x3  
  150  9:46  Drone  
  150  9:51  Overlord x5  
  150  9:52  Overlord x3  
  151  9:54  Brood Lord  
  151  9:55  Brood Lord  
  151  9:59  Brood Lord  
  157  10:00  Drone x2  
  157  10:01  Drone  
  160  10:11  Corruptor  
  160  10:12  Corruptor  
  160  10:13  Corruptor  
  166  10:26  Brood Lord  
  168  10:35  Corruptor x3  
  130  10:56  Corruptor  
  130  10:57  Corruptor x4  
  122  11:01  Drone x5  
  122  11:02  Drone x4  
  139  11:06  Queen  
  141  11:11  Brood Lord x2  
Show
View Real Time Build Order
Export as new Build Order

Massa Terran - Winner!

Build Orders:  

Get SALT Encoding   

  12  0:00  SCV  
  13  0:12  SCV  
  14  0:22  Supply Depot  
  14  0:24  SCV  
  15  0:35  Refinery  
  15  0:44  SCV  
  15  0:46  Barracks  
  16  0:56  SCV  
  17  1:08  SCV  
  18  1:20  SCV  
  20  1:33  Reaper  
  20  1:36  Orbital Command  
  20  1:48  Command Center  
  20  2:02  SCV  
  20  2:05  Marine  
  22  2:20  SCV  
  23  2:25  Command Center  
  23  2:27  Refinery  
  23  2:57  Barracks Reactor  
  23  3:37  Marine x2  
  23  3:39  Orbital Command  
  23  3:40  SCV  
  26  3:47  Orbital Command  
  26  3:48  Factory  
  26  3:52  SCV  
  26  3:54  Engineering Bay, Marine x2  
  29  4:01  Engineering Bay  
  29  4:04  SCV  
  30  4:11  Bunker  
  30  4:12  Marine x2  
  30  4:16  SCV x3  
  35  4:26  Barracks  
  35  4:27  Barracks  
  35  4:28  SCV  
  35  4:29  SCV  
  35  4:30  Marine  
  35  4:31  Marine  
  39  4:34  Factory Tech Lab  
  39  4:48  Marine  
  39  4:49  Marine, SCV x3  
  39  4:51  Refinery  
  44  4:54  Refinery  
  44  4:56  Starport, Missile Turret  
  44  5:00  Missile Turret  
  44  5:01  Terran Infantry Armor Level 1, Terran Infantry Weapons Level 1, SCV x2  
  44  5:06  Siege Tank  
  49  5:11  Marine  
  49  5:12  Marine x2  
  52  5:24  Barracks Tech Lab  
  52  5:31  Barracks Tech Lab  
  52  5:40  SCV  
  52  5:42  Supply Depot  
  53  5:50  Supply Depot  
  53  5:52  Supply Depot  
  53  5:57  Supply Depot  
  53  5:59  Missile Turret  
  53  6:03  Medivac, Siege Tank, SCV x3  
  61  6:05  Supply Depot  
  61  6:09  Missile Turret  
  61  6:15  SCV  
  61  6:16  Missile Turret  
  61  6:17  SCV  
  63  6:19  SCV  
  64  6:27  Stimpack, SCV  
  64  6:29  Concussive Shells  
  65  6:35  Marine, Siege Tank, Marauder  
  65  6:36  Marine  
  73  6:53  Marine, Marauder  
  73  6:54  Marine  
  75  6:56  Marauder  
  78  7:07  SCV x2  
  80  7:11  Marine  
  80  7:12  Marine  
  80  7:15  Marauder  
  84  7:17  Marauder  
  84  7:19  SCV  
  84  7:20  SCV  
  88  7:29  Marine  
  89  7:31  SCV  
  89  7:32  SCV  
  89  7:35  Orbital Command  
  89  7:36  Marauder  
  93  7:48  Supply Depot  
  93  8:09  Siege Tank, SCV  
  93  8:10  Missile Turret x2, Supply Depot, Marauder x2  
  101  8:14  Command Center  
  101  8:31  SCV x3  
  101  8:32  Marauder x2  
  101  8:33  Combat Shield, Missile Turret x2  
  108  8:43  SCV  
  109  8:55  Missile Turret  
  109  9:00  Missile Turret  
  109  9:13  Supply Depot x2  
  109  9:14  Supply Depot  
  109  9:15  Supply Depot  
  109  9:16  Engineering Bay, Supply Depot x2  
  109  9:18  Supply Depot  
  109  9:19  Armory  
  109  9:20  Supply Depot  
  109  9:21  Starport Reactor  
  109  9:22  Missile Turret  
  109  9:25  SCV x3  
  109  9:26  Marauder  
  109  9:27  Starport  
  109  9:28  Orbital Command  
  114  9:36  Supply Depot  
  114  9:38  SCV x3  
  117  9:39  Supply Depot  
  117  9:40  Supply Depot  
  117  9:42  Sensor Tower, Supply Depot x2  
  117  9:46  Supply Depot  
  117  9:50  SCV x3  
  120  9:56  Siege Tank  
  123  10:00  Marauder x2  
  123  10:02  SCV x3  
  123  10:06  Factory  
  130  10:09  Refinery  
  130  10:10  Refinery  
  132  10:14  SCV x2  
  132  10:17  Liberator x2, Armory  
  132  10:20  Starport Tech Lab  
  138  10:22  Marauder x2  
  138  10:28  Siege Tank  
  142  10:43  Marauder  
  104  11:00  Liberator x2  
  104  11:01  Marauder  
  104  11:02  Marine x2  
  111  11:04  Marauder  
  113  11:20  Marine x2  
  113  11:23  Marauder  
  107  11:43  Factory Tech Lab  
Tags
 
Add a new tag
Caveats
  • Supply blocks, unpowered buildings, or Contaminate may cause inaccurate times.
  • Supply counts are checked every 10 seconds.